 Dungeon Crawl Stone Soup version 0.23.0 (webtiles) character file.

Game seed: 4206831249540702635

127 tidbits the Charmwright (level 5, 43/43 HPs)
             Began as a Gnoll Skald on Feb 14, 2019.
             Was an Initiate of Cheibriados.
             Quit the game on level 4 of the Dungeon.
             The game lasted 00:06:01 (691 turns).

tidbits the Charmwright (Gnoll Skald)                Turns: 691, Time: 00:06:01

Health: 43/43      AC:  3    Str: 17    XL:     5   Next: 11%
Magic:  11/12      EV: 14    Int: 17    God:    Cheibriados [......]
Gold:   35         SH:  6    Dex: 15    Spells: 3/14 levels left

rFire    + . .     SeeInvis .   a - +1 spear "Jaminnaone" {pierce, rF+ Str+2 Stlth+}
rCold    + . .     Gourm    .   D - +2 buckler
rNeg     . . .     Faith    .   b - +0 leather armour
rPois    .         Spirit   .   (no helmet)
rElec    .         Reflect  .   (no cloak)
rCorr    .         Harm     .   (no gloves)
MR       .....                  (no boots)
Stlth    ++++......             (no amulet)
HPRegen  0.14/turn              f - ring of protection from cold
MPRegen  0.13/turn              e - ring of stealth

@: very slow
A: distributed training, fangs 1, strong nose
a: Bend Time, Renounce Religion


You were on level 4 of the Dungeon.
You worshipped Cheibriados.
Cheibriados was noncommittal.
You were not hungry.

You visited 1 branch of the dungeon, and saw 4 of its levels.

You collected 35 gold pieces.

Inventory:

Hand Weapons
 a - the +1 spear "Jaminnaone" (weapon) {pierce, rF+ Str+2 Stlth+}
   (You found it on level 4 of the Dungeon)

   It inflicts extra damage upon your enemies.
   It affects your strength (+2).
   It protects you from fire.
   It makes you more stealthy.
 g - a +2 hand axe of venom
   (You found it on level 2 of the Dungeon)
 k - a +0 spear
 t - a +0 war axe
Missiles
 o - 38 sling bullets
Armour
 b - a +0 leather armour (worn)
 D - a +2 buckler (worn)
Jewellery
 e - a ring of stealth (right hand)
   (You found it on level 3 of the Dungeon)
 f - a ring of protection from cold (left hand)
   (You found it on level 2 of the Dungeon)
Scrolls
 i - 2 scrolls of enchant weapon
 l - a scroll of identify
 m - a scroll of enchant armour {unknown}
 n - a scroll of remove curse
 r - a scroll of teleportation
Potions
 c - a potion of mutation {unknown}
 h - a potion of invisibility {unknown}
 j - 2 potions of lignification {unknown}
 p - a potion of magic {unknown}
 q - a potion of curing {unknown}
 s - a potion of brilliance {unknown}
Comestibles
 d - a ration


   Skills:
 + Level 4.7 Fighting
 + Level 1.3 Short Blades
 + Level 1.3 Long Blades
 + Level 1.3 Axes
 + Level 1.3 Maces & Flails
 + Level 4.7 Polearms
 + Level 1.3 Staves
 + Level 1.3 Slings
 + Level 1.3 Bows
 + Level 1.3 Crossbows
 + Level 1.3 Throwing
 + Level 2.8 Armour
 + Level 4.7 Dodging
 + Level 1.3 Stealth
 + Level 1.3 Shields
 + Level 1.3 Unarmed Combat
 + Level 5.1 Spellcasting
 + Level 1.0 Conjurations
 + Level 1.0 Hexes
 + Level 5.5 Charms
 + Level 1.0 Summonings
 + Level 1.0 Necromancy
 + Level 1.0 Translocations
 + Level 1.0 Transmutations
 + Level 1.0 Fire Magic
 + Level 1.0 Ice Magic
 + Level 1.0 Air Magic
 + Level 1.0 Earth Magic
 + Level 1.0 Poison Magic
 + Level 1.4 Invocations
 + Level 1.3 Evocations


You had 3 spell levels left.
You knew the following spells:

 Your Spells              Type           Power        Failure   Level  Hunger
g - Shroud of Golubria    Chrm/Tloc      ###.......   9%          2    #......
i - Infusion              Chrm           ###.         2%          1    None
r - Regeneration          Chrm/Necr      ###.......   19%         3    ###....
w - Spectral Weapon       Hex/Chrm       ###.....     19%         3    ###....
y - Song of Slaying       Chrm           ###.....     3%          2    #......

Your spell library contained the following spells:

 Spells                   Type           Power        Failure   Level  Hunger


Dungeon Overview and Level Annotations

Branches:
Dungeon (4/15)
 Temple: D:4-7

Altars:
Cheibriados


Innate Abilities, Weirdness & Mutations

Your experience applies equally to all skills.
You have very sharp teeth.
Your uncanny sense of smell can sniff out nearby items.


Message History

There is a stone staircase leading down here.
Unknown command.
Unknown command.
Unknown command.
Unknown command.
Unknown command.
Unknown command.
Unknown command.
Casting: Spectral Weapon (safe; 19% risk of failure)
Confirm with . or Enter, or press ? or * to list all spells.
You draw out your weapon's spirit!
The adder hisses angrily.
Unknown command.
You closely miss the adder. Your bite misses the adder.
Your spectral weapon hits the adder.
The adder completely misses you.
You puncture the adder!
You kill the adder!
Cheibriados appreciates the change of pace.
You have reached level 5!
You see here a scroll labeled MOT INLUUSTY.
l - 2 scrolls labeled MOT INLUUSTY (gained 1)
You swap places.
You see here a fuming orange potion.
s - a fuming orange potion Your spectral weapon fades away.
There is a stone staircase leading down here.
You climb downwards.
There is a stone staircase leading up here.
Unknown command.
Magic restored.
Unknown command.
A hobgoblin comes into view. It is wielding a +0 club.
Unknown command.
Casting: Spectral Weapon (safe; 19% risk of failure)
Confirm with . or Enter, or press ? or * to list all spells.
You draw out your weapon's spirit!
Attack whom?
Press: ? - help, Dir - move target cursor, f - hobgoblin
Aim: a hobgoblin, wielding a +0 club (resting)
You reach to attack!
The helpless hobgoblin fails to defend itself.
You hit the hobgoblin.
The hobgoblin is moderately wounded.
Your spectral weapon hits the hobgoblin from afar.
You kill the hobgoblin!
Cheibriados appreciates the change of pace.
Things that are here:
a +0 club; a hobgoblin corpse Magic restored.
Your spectral weapon fades away.
As you read the scroll labeled MOT INLUUSTY, it crumbles to dust.
It is a scroll of identify.
r - a scroll of teleportation You are feeling hungry.
Unknown command.
(D) Dungeon
Where to? (Enter - D:3 @ (x,y), ? - help)
The orc is too close now for your liking.
Unknown command.
Casting: Spectral Weapon (safe; 19% risk of failure)
Confirm with . or Enter, or press ? or * to list all spells.
You draw out your weapon's spirit!
The orc shouts!
Attack whom?
Press: ? - help, Dir - move target cursor, f - orc
Aim: an orc, wielding a +0 war axe You reach to attack!
You hit the orc.
The orc is heavily wounded.
You hit the orc.
You kill the orc!
Cheibriados thoroughly appreciates the change of pace.
No target in view!
Things that are here:
a +0 war axe; an orc corpse Unknown command.
t - a +0 war axe You butcher the orc corpse.
Things that are here:
3 chunks of flesh; an orc skeleton Eat one of 3 chunks of flesh? (ye/n/q)
You eat one of the 3 chunks of flesh.
This raw flesh tastes terrible.
There is a stone staircase leading down here.
You climb downwards.
Your summoned ally is left behind.
Your spectral weapon fades away.
You hear the sound of rushing water.
There is an entrance to a sewer on this level.
Hurry and find it before the portal rusts away!
You hear the quick rusting of a very distant drain.
There is a stone staircase leading up here.
Unknown command.
Unknown command.
Unknown command.
Unknown command.
Unknown command.
Unknown command.
Unknown command.
Unknown command.
Unknown command.
Unknown command.
There is an escape hatch in the floor here.
Are you sure you want to abandon this character and quit the game? (Confirm with "yes".)

,,+,,,,,,,#.....##.#
,,*,,,***,###.####.#
,,,,,,,,*,#......#.#
,**,,,*,*,#.#....#.#
***,,,*,*,#.#....#.# *
*****,*,#.#....#.####**
*******,*,#.#.<........,*
**,,,,,,*,#.#.#...#####,*
,*,******,#.#...@.....#,*
,*,* *,#.###.......#,*
,*,* *,#.# #.###.###,***
,*,* *,#.# #..,,.#,,∆,,*
,*,* *,#.# ###**,#,*,*,*
,*,* *,#.# *,*,*,*,* **,*
*,#.# *,*,*,*,* ,,,*
*,#.#******,*,*,,,* ****
*,*,,,,,,,,,*,***,*


There were no monsters in sight!

Vanquished Creatures
  An iguana (D:3)
  Jessica (D:2)
  A worker ant (D:3)
  2 adders
  An adder zombie (D:3)
  2 worms
  3 orcs (D:3)
  A ball python (D:3)
  2 giant cockroaches
  A goblin (D:3)
  5 hobgoblins
  A quokka (D:2)
  A bat (D:2)
  A kobold (D:3)
23 creatures vanquished.

Notes
Turn   | Place    | Note
-------+----------+-------------------------------------------
     0 | D:1      | tidbits the Gnoll Skald began the quest for the Orb.
     0 | D:1      | Reached XP level 1. HP: 20/20 MP: 6/6
     1 | D:1      | You fall through a shaft!
     1 | D:2      | Noticed Jessica
    40 | D:2      | Killed Jessica
    40 | D:2      | Reached skill level 5 in Spellcasting
    40 | D:2      | Reached XP level 2. HP: 17/26 MP: 4/8
    40 | D:2      | Reached XP level 3. HP: 20/31 MP: 4/9
    44 | D:2      | Learned a level 2 spell: Song of Slaying
    47 | D:2      | Learned a level 2 spell: Shroud of Golubria
    51 | D:2      | Learned a level 3 spell: Regeneration
    55 | D:2      | Learned a level 3 spell: Spectral Weapon
   128 | D:2      | Found a snail-covered altar of Cheibriados.
   136 | D:2      | Became a worshipper of Cheibriados the Contemplative
   197 | D:3      | Reached skill level 1 in Invocations
   220 | D:3      | Reached skill level 1 in Short Blades
   220 | D:3      | Reached skill level 1 in Long Blades
   220 | D:3      | Reached skill level 1 in Axes
   220 | D:3      | Reached skill level 1 in Maces & Flails
   220 | D:3      | Reached skill level 1 in Staves
   220 | D:3      | Reached skill level 1 in Slings
   220 | D:3      | Reached skill level 1 in Bows
   220 | D:3      | Reached skill level 1 in Crossbows
   220 | D:3      | Reached skill level 1 in Throwing
   220 | D:3      | Reached skill level 1 in Stealth
   220 | D:3      | Reached skill level 1 in Shields
   220 | D:3      | Reached skill level 1 in Unarmed Combat
   220 | D:3      | Reached skill level 1 in Evocations
   220 | D:3      | Reached XP level 4. HP: 38/38 MP: 3/11
   313 | D:4      | Got a warped spear
   314 | D:4      | Identified the cursed +1 spear "Jaminnaone" {pierce, rF+
                  | Str+2 Stlth+} (You found it on level 4 of the Dungeon)
   484 | D:3      | Reached skill level 1 in Conjurations
   484 | D:3      | Reached skill level 1 in Hexes
   484 | D:3      | Reached skill level 1 in Summonings
   484 | D:3      | Reached skill level 1 in Necromancy
   484 | D:3      | Reached skill level 1 in Translocations
   484 | D:3      | Reached skill level 1 in Transmutations
   484 | D:3      | Reached skill level 1 in Fire Magic
   484 | D:3      | Reached skill level 1 in Ice Magic
   484 | D:3      | Reached skill level 1 in Air Magic
   484 | D:3      | Reached skill level 1 in Earth Magic
   484 | D:3      | Reached skill level 1 in Poison Magic
   562 | D:2      | Reached XP level 5. HP: 43/43 MP: 8/12
   691 | D:4      | Quit the game

Skill      XL: |  1  2  3  4 |
---------------+-------------+-----
Spellcasting   | 5 |  5.1
Invocations    | 1 |  1.4
Short Blades   | 1 |  1.3
Long Blades    | 1 |  1.3
Axes           | 1 |  1.3
Maces & Flails | 1 |  1.3
Staves         | 1 |  1.3
Slings         | 1 |  1.3
Bows           | 1 |  1.3
Crossbows      | 1 |  1.3
Throwing       | 1 |  1.3
Stealth        | 1 |  1.3
Shields        | 1 |  1.3
Unarmed Combat | 1 |  1.3
Evocations     | 1 |  1.3
Conjurations   | 1 |  1.0
Hexes          | 1 |  1.0
Summonings     | 1 |  1.0
Necromancy     | 1 |  1.0
Translocations | 1 |  1.0
Transmutations | 1 |  1.0
Fire Magic     | 1 |  1.0
Ice Magic      | 1 |  1.0
Air Magic      | 1 |  1.0
Earth Magic    | 1 |  1.0
Poison Magic   | 1 |  1.0
Fighting       | |  4.7
Polearms       | |  4.7
Armour         | |  2.8
Dodging        | |  4.7
Charms         | |  5.5

Action                   |  1- 3 |  4- 6 || total
-------------------------+-------+-------++-------
Melee: Spear             |    32 |    42 ||    74
       Bite              |     4 |     6 ||    10
 Cast: Infusion          |     1 |       ||     1
       Spectral Weapon   |     4 |     7 ||    11
       Song of Slaying   |       |     1 ||     1
  Use: Scroll            |       |     5 ||     5
 Stab: Sleeping          |       |     2 ||     2
  Eat: Chunk             |       |     1 ||     1
Armor: Leather armour    |     2 |     2 ||     4
Dodge: Dodged            |    19 |    16 ||    35
Block: Buckler           |     4 |     7 ||    11

Table legend:
 A = Turns spent in this place as a percentage of turns spent in the entire game.
 B = Non-inter-level travel turns spent in this place as a percentage of non-inter-level travel turns spent in the entire game.
 C = Inter-level travel turns spent in this place as a percentage of turns spent in this place.
 D = Turns resting spent in this place as a percentage of non-inter-level travel turns spent in this place.
 E = Turns spent auto-exploring this place as a percentage of non-inter-level travel turns spent in this place.
 F = Non-inter-level travel turns spent in this place divided by the number of levels of this place that you've seen.
                   A       B       C       D       E      F
               +-------+-------+-------+-------+-------+----------------------
         Total | 100.0 | 100.0 |   9.1 |   0.0 |   0.0 | 157.0
       Dungeon | 100.0 | 100.0 |   9.1 |   0.0 |   0.0 | 157.0
               +-------+-------+-------+-------+-------+----------------------

Table legend:
 A = Kills in this place as a percentage of kills in entire the game.
 B = Kills by you in this place as a percentage of kills by you in the entire game.
 C = Kills by friends in this place as a percentage of kills by friends in the entire game.
 D = Other kills in this place as a percentage of other kills in the entire game.
 E = Experience gained in this place as a percentage of experience gained in the entire game.
 F = Experience gained in this place divided by the number of levels of this place that you have seen.
                   A       B       C       D       E      F
               +-------+-------+-------+-------+-------+----------------------
         Total | 100.0 | 100.0 |   N/A |   N/A | 100.0 |  45.5
       Dungeon | 100.0 | 100.0 |   N/A |   N/A | 100.0 |  45.5
               +-------+-------+-------+-------+-------+----------------------

Levels and vault maps discovered:
D:1:      minmay_arrival_three_doors, layout_basic
D:2:      layout_rooms, lemuel_doored_altar, cheibriados_altar_1,
          nemelex_altar_shiori, uniq_jessica
D:3:      layout_basic, okawaru_altar_gauntlet_db
D:4:      layout_basic, kennysheep_mini_moat,
          nicolae_ru_great_annihilating_truth, first_ration,
          cheibrodos_sewer_entry_bend
